 Dungeon Crawl Stone Soup version 0.31-a0-344-gd109795599 (webtiles) character file.

Game seed: 5880044974410325139

130 LeprechaunX the Ruffian (level 5, -5/33 HPs)
             Began as an Octopode Shapeshifter on July 21, 2023.
             Was an Initiate of Cheibriados.
             Slain by an orc priest
             ... wielding a +0 hand axe
              (8 damage)
             ... on level 2 of the Dungeon.
             The game lasted 00:02:00 (1330 turns).

LeprechaunX the Ruffian (Octopode Shapeshifter)     Turns: 1330, Time: 00:02:01

Health: -5/33      AC:  1    Str: 17    XL:     5   Next: 13%
Magic:  5/5        EV: 13    Int: 12    God:    Cheibriados [......]
Gold:   182        SH:  0    Dex: 13    Spells: 4/4 levels left

rFire   . .          .
                       - Unarmed
rCold   . . .        (no shield)
rNeg    . . .        (helmet currently unavailable)
rPois   .            (no amulet)
rElec   .            (no ring)
rCorr   .            (no ring)
SInv    .            (no ring)
Will    .....        (no ring)
Stlth   ++           (no ring)
HPRegen 0.25/turn    (no ring)
MPRegen 0.09/turn    (no ring)
                     (no ring)

%: no passive effects
@: beast-form, very slow
A: beast (slay +2), almost no armour, amphibious, 8 rings, camouflage 1,
gelatinous body 1, (nimble swimmer 1), tentacles
a: Begin Untransformation, Renounce Religion


You were on level 2 of the Dungeon.
You worshipped Cheibriados.
Cheibriados was noncommittal.
You were a hulking beast.
You visited 1 branch of the dungeon, and saw 3 of its levels.

You collected 182 gold pieces.

Inventory:

Jewellery
 l - a ring of poison resistance
Talismans
 b - a beast talisman
Scrolls
 d - 2 scrolls of teleportation {unknown}
 g - a scroll of amnesia {unknown}
 i - a scroll of fear {unknown}
 j - a scroll of enchant weapon {unknown}
 m - a scroll of identify {unknown}
Potions
 a - 3 potions of lignification
 c - a potion of brilliance {unknown}
 e - 3 potions of mutation {unknown}
 f - a potion of might {unknown}
 h - a potion of invisibility {unknown}
 k - a potion of attraction {unknown}


   Skills:
 - Level 1.0 Fighting
 - Level 2.0 Dodging
 * Level 4.9 Unarmed Combat
 + Level 3.7 Shapeshifting


You had 4 spell levels left.
You didn't know any spells.
Your spell library contained the following spells:

 Spells                   Type           Power      Damage    Failure   Level
 Blink                    Tloc           0%         N/A       45%         2
 Lesser Beckoning         Tloc           0%         N/A       45%         2
 Momentum Strike          Conj/Tloc      0%         3d8       45%         2


Dungeon Overview and Level Annotations

Branches:
Dungeon (3/15)

Altars:
Cheibriados


Innate Abilities, Weirdness & Mutations

You are a hulking beast.
Your limbs bulge with bestial killing power. (Slay +2)
You cannot wear most types of armour.
You are amphibious.
You can wear up to eight rings at the same time.
Your skin changes colour to match your surroundings (Stealth+).
Your rubbery body absorbs attacks. (AC +1, EV +1)
((You are camouflaged when in or above water. (Stealth+)))
You have tentacles for arms and can constrict up to eight enemies at once.


Message History

Unknown command.
There is an escape hatch in the ceiling here.
You tentacle-slap the orc. You grab the orc.
The orc is moderately wounded.
You constrict the orc. The orc barely misses you.
Unknown command.
You bludgeon the orc!
You kill the orc!
Cheibriados appreciates the change of pace.
You tentacle-slap the orc. Your grab misses the orc.
The orc is lightly wounded.
Unknown command.
You barely miss the orc. You grab the orc. You squeeze the orc.
You kill the orc!
Cheibriados appreciates the change of pace.
The orc priest attacks as you move away!
The orc priest hits you with a +0 club. The orc barely misses you.
The orc priest calls down the wrath of Beogh upon you.
Beogh smites you!
* * * LOW HITPOINT WARNING * * *
The orc closely misses you.
There is an escape hatch in the ceiling here.
Items here: )) [ ††.
The orc priest misses you. The orc priest barely misses you.
The orc misses you.
The orc priest miscasts a cantrip.
A mysterious force pulls you upwards. The hatch slams shut behind you.
Unknown command.
You completely miss the orc priest. Your grab misses the orc priest.
You squeeze the orc priest, but do no damage.
The orc priest barely misses you. The orc priest misses you.
The orc closely misses you.
You tentacle-slap the orc priest but do no damage.
Your grab misses the orc priest. You tentacle-slap the orc priest.
You grab the orc priest.
The orc priest is lightly wounded.
You constrict the orc priest. The orc priest hits you with a +0 club.
* * * LOW HITPOINT WARNING * * *
The orc priest hits you with a +0 hand axe!
You die...

##############
##.....##.....##
##..............##
#................#
#................#
#.....o........<<# ###
#....h...........# #.#####
#...oo...........#
#.....#####................#
######.....................##
...##..##..###.....##.....##
#####..###.#..........#####
........##÷...........#
##....>.##............#
......#....#..........########


You could see 2 orc priests and an orc.

Vanquished Creatures
  A hound (D:2)
  Robin (D:2)
  An adder (D:3)
  A worm (D:3)
  4 dart slugs
  2 orcs (D:3)
  4 endoplasms
  6 giant cockroaches
  14 goblins
  3 hobgoblins
  6 jackals
  3 kobolds
  2 quokkas
  5 ball pythons
  4 frilled lizards
  4 rats
61 creatures vanquished.

Notes
Turn   | Place    | Note
-------+----------+-------------------------------------------
     0 | D:1      | LeprechaunX the Octopode Shapeshifter began the quest for
                  | the Orb.
     0 | D:1      | Reached XP level 1. HP: 13/13 MP: 1/1
    61 | D:1      | Reached XP level 2. HP: 17/18 MP: 2/2
   150 | D:1      | You fall into a shaft and drop 1 floor!
   248 | D:1      | Reached XP level 3. HP: 22/23 MP: 3/3
   499 | D:2      | Noticed Robin
   520 | D:2      | Reached skill level 4 in Unarmed Combat
   538 | D:2      | HP: 1/23 [Robin/+0 club (1)]
   539 | D:2      | Killed Robin
   540 | D:2      | Reached XP level 4. HP: 2/28 MP: 4/4
  1142 | D:3      | Found a snail-covered altar of Cheibriados.
  1188 | D:3      | Became a worshipper of Cheibriados the Contemplative
  1207 | D:3      | Reached XP level 5. HP: 27/33 MP: 5/5
  1330 | D:2      | Slain by an orc priest

Illustrated notes

Levels and vault maps discovered:
D:1:      psy_arrival_dodecagon, layout_rooms
D:2:      layout_rooms, uniq_robin
D:3:      cheibrodos_pilgrimage, layout_basic, mainiacjoe_overflow_catwalk,
          kennysheep_slug_shrine, serial_aquarium, aquarium_bridge_square
          [aquarium_subvault_wall, aquarium_subvault_wall,
          aquarium_subvault_bridge, aquarium_subvault_bridge],
          aquarium_bridge_straight [aquarium_subvault_bridge,
          aquarium_subvault_window, aquarium_subvault_bridge,
          aquarium_subvault_wall], aquarium_window_1, aquarium_window_2,
          aquarium_window_fake, aquarium_view_2d

Skill      XL: |  1  2  3 |
---------------+----------+-----
Unarmed Combat | 4 |  4.9
Fighting       | |  1.0
Dodging        | |  2.0
Shapeshifting  | |  3.7

Action                     |  1- 3 |  4- 6 || total
---------------------------+-------+-------++-------
  Melee: Unarmed           |    61 |    47 ||   108
         Constrict         |    18 |    12 ||    30
         Tentacles         |    13 |     7 ||    20
         Punch             |     2 |       ||     2
   Stab: Sleeping          |     1 |     4 ||     5
 Armour: Skin              |     3 |     3 ||     6
  Dodge: Dodged            |    25 |    32 ||    57

Table legend: (Time is in decaauts)
 A = Elapsed time spent in this place.
 B = Non-inter-level travel time spent in this place.
 C = Inter-level travel time spent in this place.
 D = Time resting spent in this place.
 E = Time spent auto-exploring this place.
 F = Levels seen in this place.
 G = Mean time per level.
                   A        B        C        D        E       F      G
               +--------+--------+--------+--------+--------+-----+--------+
         Total |   1333 |   1288 |     45 |    107 |    855 |   3 |  444.3 |
       Dungeon |   1333 |   1288 |     45 |    107 |    855 |   3 |  444.3 |
               +--------+--------+--------+--------+--------+-----+--------+

Top non-repeatable levels by time:
     D:2: 550 daAuts
     D:1: 432 daAuts
     D:3: 350 daAuts
